 Dungeon Crawl Stone Soup version 0.29.0-13-gc9e81de378 (webtiles) character file.

Game seed: 9169339665654315481

624 sanka the Insei (level 7, 0/52 HPs)
             Began as a Purple Draconian Transmuter on Sept 8, 2022.
             Was an Initiate of the Shining One.
             Slain by btonasse's ghost (6 damage)
             ... on level 5 of the Dungeon.
             The game lasted 00:08:28 (5413 turns).

sanka the Insei (Purple Draconian Transmuter)       Turns: 5413, Time: 00:08:29

Health: 0/52       AC:  7    Str: 12    XL:     7   Next: 22%
Magic:  10/10      EV: 12    Int: 15    God:    the Shining One [......]
Gold:   199        SH:  0    Dex: 12    Spells: 4/10 levels left

rFire   . . .      SeeInvis .     - Unarmed
rCold   . . .      Faith    .   (no shield)
rNeg    . . .      Spirit   .   (body armour unavailable)
rPois   .          Reflect  .   (helmet currently unavailable)
rElec   .          Harm     .   m - +0 cloak
rCorr   .          Rampage  .   (no gloves)
Will    +....                   (boots currently unavailable)
Stlth   +.........              y - amulet of the acrobat
HPRegen 0.17/turn               (no ring)
MPRegen 0.12/turn               i - ring of flight

@: appendages, flying, glowing
A: horns 2, talons 2, breathe power, AC +6, unfitting armour, cold-blooded
a: Breathe Dispelling Energy, End Transformation, Renounce Religion


You were on level 5 of the Dungeon.
You worshipped the Shining One.
The Shining One was noncommittal.
You had temporarily grown beastly horns and talons.
You visited 2 branches of the dungeon, and saw 6 of its levels.
You also visited: Sewer.

You collected 249 gold pieces.
You spent 50 gold pieces at shops.


Innate Abilities, Weirdness & Mutations

You have temporarily grown beastly horns and talons.
You can breathe bolts of dispelling energy.
Your rich purple scales are hard. (AC +6)
You cannot fit into any form of body armour.
You are cold-blooded and may be slowed by cold attacks.


   Skills:
 - Level 1.1 Fighting
 - Level 1.7 Dodging
 + Level 6.3 Unarmed Combat
 - Level 2.4 Spellcasting
 + Level 5.8 Transmutations


You had 4 spell levels left.
You knew the following spells:

 Your Spells              Type           Power      Damage    Failure   Level
x - Spider Form           Tmut/Pois      10%        N/A       19%         3
y - Wereblood             Tmut           19%        N/A       3%          2
z - Beastly Appendage     Tmut           38%        N/A       1%          1

Your spell library contained the following spells:

 Spells                   Type           Power      Damage    Failure   Level
 Foxfire                  Conj/Fire      4%         2x1d4     22%         1
 Conjure Flame            Conj/Fire      1%         6-21      54%         3
 Inner Flame              Hex/Fire       1%         N/A       54%         3
 Ice Form                 Ice/Tmut       10%        N/A       54%         4
 Flame Wave               Conj/Fire      1%         2d4       91%         4

Inventory:

Armour
 b - a +0 pair of boots (melded)
 m - a +0 cloak (worn)
Jewellery
 i - a ring of flight (right hand)
 y - an amulet of the acrobat (around neck)
Wands
 r - a wand of mindburst (13)
Scrolls
 c - 2 scrolls of brand weapon {unknown}
 e - 3 scrolls of identify {unknown}
 f - 2 scrolls of vulnerability {unknown}
 k - 2 scrolls of teleportation {unknown}
 l - a scroll of enchant weapon {unknown}
 o - 2 scrolls of poison {unknown}
 s - 4 scrolls of enchant armour {unknown}
 v - a scroll of fog {unknown}
 z - a scroll of immolation {unknown}
Potions
 a - a potion of lignification {!q}
 d - 2 potions of curing {@q1}
 g - 2 potions of resistance {unknown}
 h - 2 potions of might {unknown}
 j - 3 potions of flight {unknown}
 n - a potion of heal wounds {@q2}
 p - a potion of mutation {unknown}
 q - a potion of cancellation {unknown}
 t - a potion of haste {unknown}
 u - a potion of magic {unknown}
 w - a potion of brilliance {unknown}
 x - a potion of invisibility {unknown}
 A - a potion of attraction {unknown}

Dungeon Overview and Level Annotations

Branches:
Dungeon (5/15)             Temple (1/1) D:4           Sewer (visited)

Altars:
Ashenzari
Cheibriados
Dithmenos
Gozag
Hepliaklqana
Kikubaaqudgha
Makhleb
Nemelex Xobeh
Okawaru
Qazlal
Ru
Sif Muna
Trog
Uskayaw
Vehumet
Wu Jian
Xom
Yredelemnul
The Shining One

Shops:
D:2 !

Annotations:
D:5 1 runed translucent door, btonasse's ghost, novice BaHu

.........▒
▒▒....▒▒
▒.......[▒
▒▒....▒▒
▒▒.......▒
▒.....▒▒..
....▒▒▒
▒▒▒▒▒▒▒▒▒........
....▒
~~~~~~▒..........
...+
~£~~r~'..........
~~~~~r▒r.▒▒▒▒▒▒▒▒
▒▒▒▒▒▒▒▒WS▒
▒......d▒S▒
▒....▒▒▒▒▒▒ ▒.. ▒


You could see btonasse's ghost, a river rat and a ball python.


Message History

You hit btonasse's ghost but do no damage.
Your headbutt misses btonasse's ghost. You tail-slap btonasse's ghost.
Btonasse's ghost is almost destroyed.
Btonasse's ghost hits you.
* * * LOW HITPOINT WARNING * * *
You barely miss btonasse's ghost.
Btonasse's ghost is almost destroyed.
You barely miss btonasse's ghost.
Btonasse's ghost is almost destroyed.
Btonasse's ghost misses you.
You closely miss btonasse's ghost.
You claw btonasse's ghost, but do no damage.
You tail-slap btonasse's ghost, but do no damage.
Btonasse's ghost is almost destroyed.
Btonasse's ghost hits you.
* * * LOW HITPOINT WARNING * * *
Unknown command.
You closely miss btonasse's ghost. Your kick misses btonasse's ghost.
Your tail-slap misses btonasse's ghost.
Your punch misses btonasse's ghost.
Btonasse's ghost is almost destroyed.
Btonasse's ghost hits you but does no damage.
You hit btonasse's ghost. Your kick misses btonasse's ghost.
You tail-slap btonasse's ghost, but do no damage.
Btonasse's ghost is almost destroyed.
Btonasse's ghost hits you.
You die...

Action                   |  1- 3 |  4- 6 |  7- 9 || total
-------------------------+-------+-------+-------++-------
Melee: Unarmed           |    68 |   238 |    73 ||   379
       Tailslap          |    12 |    25 |    14 ||    51
       Kick              |    15 |    42 |    19 ||    76
       Headbutt          |     3 |    30 |    14 ||    47
       Punch             |       |     4 |     4 ||     8
 Cast: Beastly Appendage |    12 |    36 |     5 ||    53
       Wereblood         |       |     8 |       ||     8
  Use: Potion            |       |       |     3 ||     3
 Stab: Sleeping          |     1 |       |       ||     1
Armor: Skin              |    14 |    73 |    17 ||   104
Dodge: Dodged            |    41 |   139 |    30 ||   210

Levels and vault maps discovered:
D:1:      dpeg_arrival_three_same_balls, layout_rooms,
          ebering_ecumenical_altar_ruins
D:2:      layout_basic, serial_shops, nicolae_shop_crystal, basic_altar,
          uniq_jessica
D:3:      layout_loops_corners, dancing_weapons_uskayaw,
          minmay_overflow_temple_star_quad, chequers_jeans,
          hangedman_decor_points, kennysheep_cross_bottleneck
D:4:      layout_cave_pools, slow_altar_2, minmay_temple_entry_water_ring,
          portal_sewer_entry_d, serial_column_ruins, column_ruins_hut,
          column_ruins_grid_5, column_ruins_columns_corner, column_ruins_grid_1,
          column_ruins_columns_corner, column_ruins_grid_1,
          column_ruins_open_small
D:5:      layout_cave_pods, ashenzari_altar_1, ebering_ghost_sewer_f,
          dk_noncrumbling_3, eino_small_chamber_without_monster,
          lightli_church_of_beogh, uniq_duvessa
Temple:   nicolae_temple_god_jail

Notes
Turn   | Place    | Note
-------+----------+-------------------------------------------
     0 | D:1      | sanka the Draconian Transmuter began the quest for the Orb.
     0 | D:1      | Reached XP level 1. HP: 16/16 MP: 3/3
   289 | D:1      | Reached XP level 2. HP: 13/23 MP: 5/5
   428 | D:1      | Learned a level 2 spell: Wereblood
   668 | D:1      | Reached XP level 3. HP: 28/28 MP: 4/6
   717 | D:1      | Found a faded altar of an unknown god.
  1027 | D:2      | Found Qusayrio's Distillery.
  1038 | D:2      | Reached skill level 4 in Unarmed Combat
  1038 | D:2      | Reached skill level 3 in Transmutations
  1038 | D:2      | Reached XP level 4. HP: 25/35 MP: 7/7
  1138 | D:2      | Learned a level 3 spell: Spider Form
  1822 | D:2      | Noticed Jessica
  1846 | D:2      | Killed Jessica
  2028 | D:2      | Found a shimmering altar of Xom.
  2190 | D:2      | Bought a potion of heal wounds for 50 gold pieces
  2654 | D:3      | Identified the +2 robe of Impressiveness {rF+ rN+++ rCorr
                  | Int-2}
  2738 | D:3      | Reached XP level 5. HP: 40/40 MP: 4/8
  3027 | D:3      | Noticed a +0 hand axe
  3027 | D:3      | Noticed a +0 hand axe
  3037 | D:3      | Reached skill level 4 in Transmutations
  3048 | D:3      | Found a hide-covered altar of Uskayaw.
  3241 | D:3      | Found a basalt altar of Yredelemnul.
  3247 | D:3      | Found a radiant altar of Vehumet.
  3250 | D:3      | Found a hazy altar of Hepliaklqana.
  3565 | D:4      | Found a glowing drain.
  3596 | Sewer    | Entered a sewer
  3731 | Sewer    | Reached skill level 5 in Unarmed Combat
  3906 | Sewer    | Reached XP level 6. HP: 44/47 MP: 6/9
  3925 | Sewer    | Reached skill level 5 in Transmutations
  4240 | D:4      | Found a staircase to the Ecumenical Temple.
  4281 | Temple   | Entered the Ecumenical Temple
  4327 | Temple   | Became a worshipper of the Shining One
  4489 | D:4      | Reached skill level 6 in Unarmed Combat
  4731 | D:4      | Found a snail-covered altar of Cheibriados.
  4895 | D:5      | Entered Level 5 of the Dungeon
  5026 | D:5      | Your scales start taking on a rich purple colour.
  5026 | D:5      | Reached XP level 7. HP: 45/52 MP: 10/10
  5220 | D:5      | Found a broken altar of Ashenzari.
  5224 | D:5      | Found a runed translucent door.
  5325 | D:5      | Found a runed translucent door.
  5328 | D:5      | Noticed btonasse's ghost (novice BaHu)
  5394 | D:5      | HP: 5/52 [btonasse's ghost (2)]
  5398 | D:5      | HP: 2/52 [btonasse's ghost (8)]
  5413 | D:5      | Slain by btonasse's ghost

Vanquished Creatures
  2 bullfrogs (Sewer)
  A necrophage (D:4)
  A scorpion (D:5)
  2 hounds
  A jelly (D:5)
  An orc priest (D:4)
  Jessica (D:2)
  3 river rats (Sewer)
  8 adders
  2 worms
  3 dart slugs
  12 orcs
  21 ball pythons
  3 endoplasms (D:1)
  3 giant cockroaches
  8 goblins
  9 hobgoblins
  2 jackals (D:1)
  2 quokkas
  3 bats
  2 frilled lizards
  A kobold (D:1)
  34 rats
125 creatures vanquished.
